Map: Blackpink LE

Players

PtitDrogo - Winner!

  • Race: Protoss Protoss
  • Spawn Location: 1:00

SortOf

  • Race: Zerg Zerg
  • Spawn Location: 7:00

Event: WCS Leipzig 2018

VOD

Have the link to the VOD?

Description

Time

  • Played on: Jan. 26, 2018, 10:07 a.m.
  • Length: 7:40

All games in this series

Show
View Real Time Build Order
Export as new Build Order

PtitDrogo Protoss - Winner!

Build Orders: 1 Gate Expand, Oracle Opening, Phoenix Opening, Zealot Archon 

Get SALT Encoding   

  12  0:00  Probe  
  13  0:12  Probe  
  14  0:19  Pylon  
  14  0:24  Probe  
  15  0:30  Assimilator  
  15  0:37  Probe (Chrono Boost)  
  16  0:46  Probe (Chrono Boost)  
  16  0:47  Gateway  
  17  0:52  Probe  
  18  1:04  Probe  
  19  1:16  Probe  
  20  1:23  Nexus  
  20  1:34  Cybernetics Core  
  20  1:36  Probe  
  21  1:40  Assimilator  
  21  1:48  Probe  
  21  1:50  Pylon  
  22  2:00  Probe  
  23  2:10  Adept (Chrono Boost)  
  23  2:11  Stargate  
  23  2:12  Probe  
  26  2:18  Warp Gate  
  26  2:24  Probe  
  26  2:28  Adept  
  29  2:36  Probe x2 (Chrono Boost)  
  31  2:46  Probe x2 (Chrono Boost)  
  31  2:51  Probe x2 (Chrono Boost)  
  33  2:56  Phoenix (Chrono Boost)  
  37  3:03  Probe x2  
  39  3:15  Probe x2  
  39  3:17  Pylon  
  39  3:18  Oracle (Chrono Boost)  
  44  3:22  Gateway  
  45  3:27  Probe x2  
  45  3:32  Assimilator  
  46  3:35  Adept  
  46  3:36  Assimilator  
  46  3:39  Probe x2  
  50  3:43  Twilight Council  
  50  3:51  Probe x2  
  52  3:55  Robotics Facility  
  52  3:59  Pylon  
  52  4:03  Probe, Gateway  
  52  4:05  Probe  
  54  4:10  Gateway  
  54  4:19  Probe  
  54  4:22  Templar Archives, Probe  
  56  4:29  Pylon  
  56  4:31  Probe  
  57  4:41  Warp Prism (Chrono Boost)  
  57  4:44  Psionic Storm  
  59  4:49  Zealot x2  
  63  5:00  Pylon  
  63  5:01  High Templar  
  63  5:05  Nexus  
  65  5:10  High Templar, Charge  
  67  5:19  Immortal  
  71  5:24  Gateway  
  71  5:26  Gateway  
  71  5:29  Probe x2  
  73  5:37  Pylon  
  73  5:47  High Templar  
  73  5:48  High Templar, Zealot  
  78  5:51  Probe  
  78  5:57  Gateway  
  78  5:58  Gateway  
  78  5:59  Immortal (Chrono Boost)  
  78  6:03  Probe  
  83  6:07  Pylon  
  83  6:19  High Templar  
  83  6:21  Zealot x3  
  83  6:24  Probe  
  90  6:27  Shield Battery  
  90  6:29  Shield Battery  
  90  6:32  High Templar  
  92  6:33  Zealot  
  92  6:34  Probe  
  92  6:36  Immortal (Chrono Boost)  
  99  6:44  Probe x2  
  99  6:45  Pylon  
  99  6:46  Probe, Archon  
  100  6:58  Zealot x5  
  102  7:14  Zealot  
  102  7:15  Zealot x2  
  100  7:19  Zealot x2  
  100  7:27  Archon  
  100  7:28  Zealot x3  
Show
View Real Time Build Order
Export as new Build Order

SortOf Zerg 

Build Orders: Hatch First 

Get SALT Encoding   

  12  0:01  Drone  
  13  0:13  Overlord  
  13  0:18  Drone  
  14  0:31  Drone x2  
  16  0:48  Hatchery  
  15  0:51  Drone  
  15  0:55  Drone  
  17  1:00  Drone  
  18  1:08  Extractor  
  17  1:14  Spawning Pool  
  17  1:17  Drone  
  17  1:19  Drone  
  18  1:28  Drone  
  19  1:39  Drone  
  20  1:49  Overlord  
  20  2:01  Queen x2  
  20  2:02  Zergling x2  
  20  2:04  Drone  
  20  2:08  Metabolic Boost  
  26  2:11  Drone  
  26  2:14  Drone  
  28  2:22  Drone x2  
  30  2:34  Drone x2  
  32  2:43  Overlord  
  32  2:44  Hatchery  
  32  2:46  Zergling x2  
  32  2:54  Drone  
  32  2:55  Drone  
  34  3:08  Drone x2  
  34  3:11  Drone x3  
  39  3:13  Queen  
  39  3:17  Overlord  
  39  3:19  Drone  
  42  3:27  Spore Crawler  
  42  3:28  Drone  
  42  3:31  Drone  
  43  3:37  Lair  
  43  3:38  Drone  
  43  3:40  Overlord  
  44  3:46  Overlord  
  44  3:55  Queen  
  44  3:56  Drone  
  44  3:57  Drone x5, Extractor x2  
  44  3:59  Spore Crawler  
  44  4:00  Drone x2  
  51  4:07  Drone  
  52  4:11  Drone  
  52  4:13  Drone  
  54  4:18  Drone  
  54  4:19  Drone  
  54  4:20  Extractor  
  54  4:21  Drone x3  
  54  4:22  Overlord  
  54  4:24  Overlord  
  58  4:28  Overlord  
  58  4:30  Overlord  
  57  4:38  Overlord  
  57  4:39  Hydralisk Den  
  57  4:41  Drone x3  
  57  4:45  Drone  
  59  4:47  Zergling x8  
  59  4:52  Zergling x6  
  66  4:57  Extractor  
  66  4:59  Zergling x6  
  68  5:10  Hydralisk x2, Muscular Augments  
  72  5:17  Hydralisk  
  72  5:18  Hydralisk x2  
  78  5:23  Hydralisk  
  78  5:24  Hydralisk  
  78  5:27  Overlord  
  82  5:33  Hydralisk x2  
  84  5:39  Hydralisk x2  
  84  5:42  Overlord  
  87  5:51  Hydralisk x3  
  93  5:58  Baneling Nest  
  93  6:00  Overseer  
  92  6:05  Hydralisk  
  92  6:09  Hydralisk  
  95  6:16  Hydralisk  
  95  6:17  Zergling x12  
  95  6:23  Zergling x6  
  95  6:24  Zergling x8  
  102  6:27  Zergling x4  
  102  6:28  Zergling x2  
  104  6:33  Zergling x4  
  104  6:36  Overlord  
  104  6:38  Overlord  
  106  6:42  Baneling x2  
  106  6:43  Overlord  
  106  6:45  Baneling  
  106  6:46  Baneling x4  
  102  6:59  Zergling x16  
  104  7:02  Baneling x5  
  104  7:13  Hydralisk  
  104  7:14  Zergling x8, Hydralisk  
  101  7:21  Zergling x2  
Tags
 
Add a new tag
Caveats
  • Supply blocks, unpowered buildings, or Contaminate may cause inaccurate times.
  • Supply counts are checked every 10 seconds.